[ AOE2 MATCH · #506830683 ]
UnrankedBerbers vs Georgians
Player's team · LOSS
[ REPLAY ANALYSIS · EXTRACTED FROM THE RECORDED GAME ]
Feudal
13:08
Castle
19:25
Imperial
—
| APM avg | 41.1 |
| APM peak | 116 |
| eAPM avg | 20.5 |
| Villagers / military | 42 / 19 |
Focus
⚔️ 37.3% · 🌾 62.7%
Camel Archer ×14 · Scorpion ×3 · Battering Ram ×2
Feudal
10:15
Castle
25:38
Imperial
—
| APM avg | 57.5 |
| APM peak | 93 |
| eAPM avg | 29.8 |
| Villagers / military | 51 / 37 |
Focus
⚔️ 46.2% · 🌾 53.8%
Archer ×30 · Monaspa ×2 · Mangonel ×2 · Skirmisher ×2 · Battering Ram ×1
Match map
Initial resources + every placement click. Lines = walls · curves = elevation contours. ◆ gold · ⬟ stone · ● berries · ✦ relic · ◌ wall gap
Your base· Open — unwalled flank
Alanlam#9284's base· Open — 5t gap
Smoothed initial terrain · ◌ = detected wall gap · hover for details
Inputs per minute
— WoR - - Alanlam#9284
Build order — WoR
126 actions detected in the replay
| 0:00 | Queue | Villager (Male) |
| 0:01 | Queue | Villager (Male) |
| 0:01 | Queue | Villager (Male) |
| 0:02 | Build | House |
| 0:03 | Build | House |
| 0:09 | Queue | Villager (Male) |
| 0:22 | Research | Loom |
| 1:30 | Queue | Villager (Male) |
| 2:23 | Queue | Villager (Male) |
| 2:24 | Queue | Villager (Male) |
| 2:47 | Queue | Villager (Male) |
| 3:26 | Queue | Villager (Male) |
| 3:26 | Queue | Villager (Male) |
| 4:05 | Queue | Villager (Male) |
| 4:22 | Queue | Villager (Male) |
| 4:22 | Queue | Villager (Male) |
| 4:53 | Queue | Villager (Male) |
| 5:28 | Queue | Villager (Male) |
| 5:28 | Queue | Villager (Male) |
| 6:05 | Queue | Villager (Male) |
| 6:08 | Build | Lumber Camp |
| 6:30 | Queue | Villager (Male) |
| 6:30 | Queue | Villager (Male) |
| 6:30 | Queue | Villager (Male) |
| 6:33 | Build | House |
| 6:55 | Build | Palisade Wall |
| 6:56 | Build | Palisade Wall |
| 6:57 | Build | Palisade Wall |
| 6:58 | Build | Palisade Wall |
| 7:00 | Build | Palisade Wall |
| 7:17 | Build | Palisade Wall |
| 7:19 | Build | Palisade Wall |
| 7:21 | Build | Palisade Wall |
| 7:27 | Queue | Villager (Male) |
| 7:36 | Queue | Villager (Male) |
| 7:39 | Queue | Villager (Male) |
| 8:03 | Build | Palisade Wall |
| 8:29 | Build | Mining Camp |
| 8:47 | Queue | Villager (Male) |
| 9:10 | Build | Palisade Wall |
| 9:14 | Build | Palisade Wall |
| 9:16 | Build | Palisade Wall |
| 9:25 | Build | House |
| 9:58 | Queue | Villager (Male) |
| 10:02 | Build | Mill |
| 10:58 | Research | Feudal Age |
| 11:06 | Build | Farm |
| 11:33 | Build | Outpost |
| 13:08 | Age | Feudal Age |
| 13:22 | Build | Watch Tower |
| 13:39 | Build | Lumber Camp |
| 14:03 | Build | Watch Tower |
| 14:49 | Build | Blacksmith |
| 15:04 | Research | Town Watch |
| 15:25 | Build | Market |
| 15:57 | Build | Farm |
| 16:45 | Research | Castle Age |
| 17:10 | Build | Farm |
| 17:47 | Build | House |
| 18:40 | Research | Double-Bit Axe |
| 18:50 | Build | House |
| 19:25 | Age | Castle Age |
| 19:44 | Build | Watch Tower |
| 19:53 | Build | Castle |
| 19:56 | Build | House |
| 19:59 | Build | House |
| 20:07 | Build | Stone Wall |
| 20:09 | Build | House |
| 20:11 | Build | Stone Wall |
| 20:12 | Build | Stone Wall |
| 20:13 | Build | Stone Wall |
| 20:14 | Build | Stone Wall |
| 20:20 | Build | Stone Wall |
| 20:26 | Build | Stone Wall |
| 20:27 | Build | Stone Wall |
| 20:29 | Build | Stone Wall |
| 20:50 | Queue | Villager (Male) |
| 21:54 | Queue | Camel Archer |
| 21:55 | Queue | Camel Archer |
| 22:03 | Build | Mining Camp |
| 22:06 | Queue | Villager (Male) |
| 22:39 | Queue | Camel Archer |
| 23:15 | Build | House |
| 23:23 | Queue | Camel Archer |
| 23:56 | Queue | Camel Archer |
| 24:21 | Build | House |
| 24:29 | Queue | Camel Archer |
| 24:32 | Queue | Villager (Male) |
| 25:07 | Build | Watch Tower |
| 25:09 | Queue | Camel Archer |
| 25:12 | Queue | Camel Archer |
| 26:18 | Queue | Villager (Male) |
| 26:22 | Queue | Camel Archer |
| 26:22 | Queue | Camel Archer |
| 26:23 | Queue | Camel Archer |
| 26:46 | Build | Siege Workshop |
| 27:11 | Queue | Scorpion |
| 27:41 | Build | Farm |
| 27:44 | Build | Farm |
| 27:50 | Queue | Villager (Male) |
| 27:50 | Queue | Villager (Male) |
| 27:51 | Queue | Villager (Male) |
| 28:22 | Queue | Scorpion |
| 28:38 | Queue | Villager (Male) |
| 29:11 | Queue | Scorpion |
| 29:23 | Queue | Camel Archer |
| 29:49 | Queue | Villager (Male) |
| 30:33 | Build | Castle |
| 31:56 | Research | Fletching |
| 31:57 | Build | Lumber Camp |
| 31:59 | Queue | Villager (Male) |
| 32:52 | Queue | Villager (Male) |
| 32:54 | Build | Farm |
| 33:27 | Build | Town Center |
| 34:49 | Queue | Villager (Male) |
| 34:50 | Queue | Villager (Male) |
| 35:13 | Build | Mining Camp |
| 35:16 | Queue | Villager (Male) |
| 35:41 | Queue | Villager (Male) |
| 36:13 | Queue | Villager (Male) |
| 36:46 | Queue | Battering Ram |
| 36:52 | Queue | Battering Ram |
| 37:05 | Queue | Camel Archer |
| 37:05 | Queue | Camel Archer |
| 37:10 | Queue | Villager (Male) |
| 37:15 | Build | Outpost |
Build order — Alanlam#9284
First 150 of 158 actions detected
| 0:01 | Queue | Villager (Male) ×4 |
| 0:01 | Queue | Villager (Male) ×4 |
| 0:02 | Build | House |
| 0:03 | Build | House |
| 1:28 | Queue | Villager (Male) |
| 1:49 | Queue | Villager (Male) |
| 2:20 | Queue | Villager (Male) |
| 2:20 | Queue | Villager (Male) |
| 2:35 | Queue | Villager (Male) |
| 2:48 | Queue | Villager (Male) |
| 3:00 | Build | House |
| 3:30 | Queue | Villager (Male) ×2 |
| 4:17 | Queue | Villager (Male) |
| 5:06 | Queue | Villager (Male) |
| 5:06 | Queue | Villager (Male) |
| 5:06 | Queue | Villager (Male) |
| 5:14 | Research | Loom |
| 5:15 | Research | Loom |
| 5:43 | Queue | Villager (Male) |
| 6:05 | Queue | Villager (Male) |
| 6:29 | Build | Mill |
| 6:32 | Queue | Villager (Male) |
| 6:32 | Queue | Villager (Male) |
| 7:13 | Build | Palisade Wall |
| 7:15 | Build | Palisade Wall |
| 7:24 | Queue | Villager (Male) |
| 7:42 | Build | Palisade Wall |
| 7:44 | Build | Palisade Wall |
| 7:45 | Build | Palisade Wall |
| 7:46 | Build | Palisade Wall |
| 7:46 | Build | Palisade Wall |
| 7:48 | Build | Palisade Wall |
| 7:57 | Build | Palisade Wall |
| 8:05 | Research | Feudal Age |
| 8:05 | Research | Feudal Age |
| 8:35 | Build | Mule Cart |
| 8:41 | Build | Farm |
| 8:43 | Build | Farm |
| 8:51 | Build | Farm |
| 9:10 | Build | Barracks |
| 9:41 | Build | House |
| 9:42 | Build | Palisade Wall |
| 9:56 | Queue | Villager (Male) |
| 10:15 | Age | Feudal Age |
| 10:16 | Build | House |
| 10:22 | Build | Archery Range |
| 10:38 | Queue | Villager (Male) |
| 10:48 | Build | Watch Tower |
| 10:58 | Build | Watch Tower |
| 11:16 | Build | Palisade Wall |
| 11:18 | Build | Palisade Wall |
| 11:23 | Queue | Archer |
| 11:23 | Queue | Archer |
| 11:35 | Queue | Villager (Male) |
| 11:35 | Queue | Villager (Male) |
| 11:44 | Build | Farm |
| 11:57 | Queue | Archer |
| 12:25 | Build | Farm |
| 13:08 | Queue | Villager (Male) |
| 13:10 | Build | Blacksmith |
| 13:17 | Queue | Villager (Male) |
| 13:17 | Queue | Villager (Male) |
| 13:34 | Build | House |
| 13:38 | Queue | Archer |
| 14:04 | Research | Double-Bit Axe |
| 14:09 | Queue | Archer |
| 14:09 | Queue | Archer |
| 14:09 | Queue | Archer |
| 14:27 | Queue | Villager (Male) |
| 14:29 | Build | House |
| 14:45 | Queue | Villager (Male) |
| 14:45 | Queue | Archer |
| 14:46 | Queue | Archer |
| 14:46 | Queue | Archer |
| 14:58 | Build | Palisade Wall |
| 15:05 | Queue | Villager (Male) |
| 15:22 | Build | Farm |
| 15:39 | Research | Fletching |
| 15:40 | Research | Fletching |
| 15:42 | Build | House |
| 15:46 | Queue | Villager (Male) |
| 16:03 | Queue | Villager (Male) |
| 16:12 | Queue | Villager (Male) |
| 16:14 | Build | Farm |
| 16:41 | Queue | Villager (Male) |
| 16:43 | Build | Farm |
| 16:48 | Queue | Villager (Male) |
| 16:48 | Queue | Villager (Male) |
| 16:50 | Build | Farm |
| 17:07 | Queue | Villager (Male) |
| 17:12 | Build | Farm |
| 17:17 | Build | House |
| 17:18 | Build | Palisade Wall |
| 17:42 | Build | Farm |
| 17:45 | Build | Farm |
| 17:50 | Build | Mule Cart |
| 18:15 | Build | Farm |
| 18:31 | Queue | Villager (Male) |
| 18:32 | Build | Farm |
| 18:42 | Build | House |
| 19:26 | Queue | Villager (Male) |
| 19:27 | Build | Farm |
| 19:30 | Queue | Archer |
| 19:30 | Queue | Archer |
| 19:31 | Build | House |
| 20:04 | Queue | Archer |
| 20:04 | Queue | Archer |
| 20:36 | Queue | Archer |
| 20:36 | Queue | Archer |
| 20:36 | Queue | Archer |
| 20:50 | Queue | Archer |
| 20:50 | Queue | Archer |
| 21:55 | Build | Mule Cart |
| 22:21 | Build | Market |
| 22:58 | Research | Castle Age |
| 23:12 | Build | Archery Range |
| 23:18 | Build | House |
| 23:47 | Queue | Skirmisher |
| 23:47 | Queue | Skirmisher |
| 24:33 | Queue | Archer |
| 24:33 | Queue | Archer |
| 24:34 | Queue | Archer |
| 25:19 | Build | Mill |
| 25:26 | Build | Watch Tower |
| 25:33 | Build | House |
| 25:34 | Build | House |
| 25:35 | Build | House |
| 25:38 | Age | Castle Age |
| 26:00 | Research | Padded Archer Armor |
| 26:45 | Queue | Villager (Male) |
| 26:50 | Build | House |
| 27:05 | Queue | Archer |
| 27:05 | Queue | Archer |
| 27:14 | Build | Palisade Wall |
| 27:38 | Queue | Archer |
| 27:39 | Queue | Archer |
| 27:55 | Build | Town Center |
| 29:29 | Build | Monastery |
| 29:48 | Research | Bodkin Arrow |
| 29:48 | Research | Bodkin Arrow |
| 29:56 | Queue | Villager (Male) |
| 30:13 | Queue | Archer ×2 |
| 30:13 | Queue | Archer ×2 |
| 31:01 | Queue | Villager (Male) |
| 31:07 | Queue | Villager (Male) |
| 31:07 | Queue | Villager (Male) |
| 31:39 | Build | Monastery |
| 32:43 | Build | Castle |
| 33:37 | Build | Siege Workshop |
| 34:32 | Queue | Mangonel |
Match timeline
| 6:55 | WoR · wall_segment Palisade Wall x1 |
| 6:56 | WoR · wall_segment Palisade Wall x1 |
| 6:57 | WoR · wall_segment Palisade Wall x1 |
| 6:58 | WoR · wall_segment Palisade Wall x1 |
| 7:00 | WoR · wall_segment Palisade Wall x1 |
| 7:13 | Alanlam#9284 · wall_segment Palisade Wall x1 |
| 7:15 | Alanlam#9284 · wall_segment Palisade Wall x1 |
| 7:17 | WoR · wall_segment Palisade Wall x1 |
| 7:19 | WoR · wall_segment Palisade Wall x1 |
| 7:21 | WoR · wall_segment Palisade Wall x1 |
| 7:42 | Alanlam#9284 · wall_segment Palisade Wall x1 |
| 7:44 | Alanlam#9284 · wall_segment Palisade Wall x1 |
| 7:45 | Alanlam#9284 · wall_segment Palisade Wall x1 |
| 7:46 | Alanlam#9284 · wall_segment Palisade Wall x1 |
| 7:46 | Alanlam#9284 · wall_segment Palisade Wall x1 |
| 7:48 | Alanlam#9284 · wall_segment Palisade Wall x1 |
| 7:57 | Alanlam#9284 · wall_segment Palisade Wall x1 |
| 8:03 | WoR · wall_segment Palisade Wall x1 |
| 9:10 | Alanlam#9284 · first_building Barracks |
| 9:10 | WoR · wall_segment Palisade Wall x1 |
| 9:14 | WoR · wall_segment Palisade Wall x1 |
| 9:16 | WoR · wall_segment Palisade Wall x1 |
| 9:42 | Alanlam#9284 · wall_segment Palisade Wall x1 |
| 10:15 | Alanlam#9284 · age_up feudal |
| 10:22 | Alanlam#9284 · first_building Archery Range |
| 11:16 | Alanlam#9284 · wall_segment Palisade Wall x1 |
| 11:18 | Alanlam#9284 · wall_segment Palisade Wall x1 |
| 13:08 | WoR · age_up feudal |
| 14:58 | Alanlam#9284 · wall_segment Palisade Wall x4 |
| 16:08 | WoR · first_market_sell 100 wood |
| 17:18 | Alanlam#9284 · wall_segment Palisade Wall x7 |
| 19:25 | WoR · age_up castle |
| 19:53 | WoR · first_building Castle |
| 20:07 | WoR · wall_segment Stone Wall x1 |
| 20:11 | WoR · wall_segment Stone Wall x1 |
| 20:12 | WoR · wall_segment Stone Wall x1 |
| 20:13 | WoR · wall_segment Stone Wall x1 |
| 20:14 | WoR · wall_segment Stone Wall x1 |
| 20:20 | WoR · wall_segment Stone Wall x1 |
| 20:26 | WoR · wall_segment Stone Wall x1 |
| 20:27 | WoR · wall_segment Stone Wall x1 |
| 20:29 | WoR · wall_segment Stone Wall x1 |
| 22:56 | Alanlam#9284 · first_market_sell 100 food |
| 25:38 | Alanlam#9284 · age_up castle |
| 25:52 | Alanlam#9284 · first_market_buy 100 food |
| 26:46 | WoR · first_building Siege Workshop |
| 27:14 | Alanlam#9284 · wall_segment Palisade Wall x1 |
| 27:47 | WoR · first_market_buy 100 food |
| 29:29 | Alanlam#9284 · first_building Monastery |
| 32:43 | Alanlam#9284 · first_building Castle |
| 33:37 | Alanlam#9284 · first_building Siege Workshop |
| 37:48 | WoR · resign |
[ AI ANALYSIS · 1 CREDIT ]
What really happened in this match?
Wolo.gg analyzes every decision: build order, eco, micro, common mistakes by bracket. Personalized analysis on WhatsApp or Discord in 30 seconds.
Civ guide
Berbers
Perfil
Jugador #15677316